PAA
SAN ANTONIO BC @ PHOENIX HOTSPUR YOUTH
08/29/2029
 
TOP OF THE 1ST
San Antonio BC batting - Pitching for Phoenix Hotspur Youth : RHP Derrick Hopkins
Pitching: RHP Derrick Hopkins
Batting: LHB Juan Medina 0-0: Ball
1-0: Ball
2-0: Ball
3-0: Called Strike
3-1: Base on Balls
Batting: SHB Scotty Vallee 0-0: Ball
1-0: Foul Ball, location: 2F
1-1: Called Strike
1-2: Foul Ball, location: 2F
1-2: Strikes out swinging
Batting: LHB Lee Hart 0-0: Ball
1-0: Foul Ball, location: 2F
1-1: Swinging Strike
1-2: SINGLE (Groundball, 34D)
Juan Medina to second
Runner from 2nd tries for 3rd, SAFE, throw made to third
Batting: RHB Abraham Phelps 0-0: SINGLE (Line Drive, 78M)
Juan Medina scores
Lee Hart to second
Batting: RHB Phil Dougherty 0-0: Ball
1-0: Ball
2-0: Ball
3-0: Called Strike
3-1: Foul Ball, location: 2F
3-2: Base on Balls
Lee Hart to third
Abraham Phelps to second
Batting: RHB Ken Gardner 0-0: Ball
Wild Pitch!
Lee Hart scores
Abraham Phelps to third
Phil Dougherty to second
1-0: Ball
2-0: Called Strike
2-1: Ground out 4-3 (Groundball, 4M)
Abraham Phelps scores
Phil Dougherty to third
Batting: SHB Anastasio Delgadilo 0-0: Called Strike
0-1: Swinging Strike
0-2: Ball
1-2: Ground out 4-3 (Groundball, 4)
Top of the 1st over - 3 runs, 2 hits, 0 errors, 1 left on base; San Antonio 3 - Phoenix Hotspur 0
BOTTOM OF THE 1ST
Phoenix Hotspur Youth batting - Pitching for San Antonio BC : LHP Roosevelt Tuttle
Pitching: LHP Roosevelt Tuttle
Batting: RHB Enrico Sánchez 0-0: Ball
1-0: Foul Ball, location: 2F
1-1: Called Strike
1-2: Ball
2-2: Ball
3-2: Ground out 5-3 (Groundball, 56S)
Batting: RHB Bernardo Rivera 0-0: Ball
1-0: Called Strike
1-1: Swinging Strike
1-2: Ball
2-2: Foul Ball, location: 2F
2-2: Ball
3-2: Base on Balls
Batting: RHB Solomon Norment 0-0: Called Strike
0-1: Ball
1-1: Ball
2-1: Fly out, F7 (Line Drive, 7)
Batting: LHB António Escalante 0-0: SINGLE (Line Drive, 4D)
Bernardo Rivera to second
Batting: RHB Carl Tucker 0-0: Ground out 4-3 (Groundball, 4)
Bottom of the 1st over - 0 runs, 1 hit, 0 errors, 2 left on base; San Antonio 3 - Phoenix Hotspur 0
TOP OF THE 2ND
San Antonio BC batting - Pitching for Phoenix Hotspur Youth : RHP Derrick Hopkins
Batting: RHB Alba Hidalgo de Jesus 0-0: Foul Ball, location: 2F
0-1: Ball
1-1: Swinging Strike
1-2: Foul Ball, location: 2F
1-2: Ball
2-2: Foul Ball, location: 2F
2-2: Strikes out swinging
Batting: RHB Noël Sassetti 0-0: Ball
1-0: Ball
2-0: Ball
3-0: Base on Balls
Batting: LHB Juan Medina 0-0: Ball
1-0: Ball
2-0: Ball
3-0: Base on Balls
Noël Sassetti to second
Batting: SHB Scotty Vallee 0-0: Fly out, F7 (Flyball, 7LS)
Batting: LHB Lee Hart 0-0: Ball
1-0: Ball
2-0: Foul Ball, location: 2F
2-1: Ball
3-1: SINGLE (Flyball, 8LS)
Noël Sassetti to third
Juan Medina to second
Runner from 3rd tries for Home, SAFE, no throw
Batting: RHB Abraham Phelps 0-0: Fly out, F7 (Flyball, 7S)
Top of the 2nd over - 1 run, 1 hit, 0 errors, 2 left on base; San Antonio 4 - Phoenix Hotspur 0
BOTTOM OF THE 2ND
Phoenix Hotspur Youth batting - Pitching for San Antonio BC : LHP Roosevelt Tuttle
Batting: RHB Germán Alfaro 0-0: Called Strike
0-1: Ball
1-1: Ball
2-1: Foul Ball, location: 2F
2-2: Ball
3-2: Base on Balls
Batting: LHB Corey Ferguson 0-0: Called Strike
0-1: SINGLE (Groundball, 34D)
Germán Alfaro to second
Runner from 2nd tries for 3rd, SAFE, no throw
Batting: SHB Huey Wood 0-0: Fly out, F4 (Line Drive, 4M)
Batting: LHB Kenny Scott 0-0: Called Strike
0-1: Ball
1-1: Called Strike
1-2: Foul Ball, location: 2F
1-2: Ball
2-2: SINGLE (Flyball, 9S)
Germán Alfaro scores
Corey Ferguson to second
Batting: RHB Enrico Sánchez 0-0: Swinging Strike
0-1: Ball
Wild Pitch!
Corey Ferguson to third
Kenny Scott to second
1-1: Ball
2-1: Fly out, F8 (Flyball, 8RS)
Runner from 3rd tags up, SCORES, no throw
Batting: RHB Bernardo Rivera 0-0: Foul Ball, location: 2F
0-1: Foul Ball, location: 2F
0-2: Ball
1-2: Foul Ball, location: 2F
1-2: Foul Ball, location: 2F
1-2: Strikes out swinging, 2-3 out at first.
Bottom of the 2nd over - 2 runs, 2 hits, 0 errors, 1 left on base; San Antonio 4 - Phoenix Hotspur 2
TOP OF THE 3RD
San Antonio BC batting - Pitching for Phoenix Hotspur Youth : RHP Derrick Hopkins
Batting: RHB Phil Dougherty 0-0: Called Strike
0-1: Ground out 3-1 (Groundball, 34)
Batting: RHB Ken Gardner 0-0: Fly out, F9 (Flyball, 9)
Batting: SHB Anastasio Delgadilo 0-0: Ball
1-0: Foul Ball, location: 2F
1-1: Foul Ball, location: 2F
1-2: Ground out 4-3 (Groundball, 4)
Top of the 3rd over - 0 runs, 0 hits, 0 errors, 0 left on base; San Antonio 4 - Phoenix Hotspur 2
BOTTOM OF THE 3RD
Phoenix Hotspur Youth batting - Pitching for San Antonio BC : LHP Roosevelt Tuttle
Batting: RHB Solomon Norment 0-0: Ball
1-0: Ball
2-0: Ball
3-0: Base on Balls
Batting: LHB António Escalante 0-0: Ball
1-0: DOUBLE (Line Drive, 9LS)
Solomon Norment to third
Runner from 3rd tries for Home, SAFE, throw made at trailing runner, OUT at third!
Batting: RHB Carl Tucker 0-0: Called Strike
0-1: Ground out 6-3 (Groundball, 6)
Batting: RHB Germán Alfaro 0-0: Called Strike
0-1: Foul Ball, location: 2F
0-2: Foul Ball, location: 2F
0-2: Ground out U3 (Groundball, 3)
Bottom of the 3rd over - 1 run, 1 hit, 0 errors, 0 left on base; San Antonio 4 - Phoenix Hotspur 3
TOP OF THE 4TH
San Antonio BC batting - Pitching for Phoenix Hotspur Youth : RHP Derrick Hopkins
Batting: RHB Alba Hidalgo de Jesus 0-0: Called Strike
0-1: Ball
1-1: Swinging Strike
1-2: Ball
2-2: Ball
3-2: Base on Balls
Batting: RHB Noël Sassetti 0-0: Called Strike
0-1: Ball
1-1: Fly out, F7 (Flyball, 7)
Batting: LHB Juan Medina 0-0: Ball
1-0: Foul Ball, location: 2F
1-1: Called Strike
1-2: Ball
2-2: Fielders Choice at 2nd, 1-6 (Groundball, 13)
Batting: SHB Scotty Vallee 0-0: SINGLE (Groundball, 3D)
Juan Medina to second
Runner from 2nd tries for 3rd, SAFE, no throw
Batting: LHB Lee Hart 0-0: Ball
1-0: Ball
2-0: Ball
3-0: Called Strike
3-1: DOUBLE (Flyball, 8LXD)
Juan Medina scores
Scotty Vallee to third
Runner from 3rd tries for Home, SAFE, no throw
Pitching: RHP Millard Dalton
Batting: RHB Abraham Phelps 0-0: SINGLE (Flyball, 78S)
Lee Hart to third
Runner from 3rd tries for Home, SAFE, no throw
Batting: RHB Phil Dougherty 0-0: Foul Ball, location: 2F
0-1: SINGLE (Line Drive, 8LS)
Abraham Phelps to second
Batting: RHB Ken Gardner 0-0: Ball
1-0: Ball
Wild Pitch!
Abraham Phelps to third
Phil Dougherty to second
2-0: Ground out 6-3 (Groundball, 6)
Top of the 4th over - 3 runs, 4 hits, 0 errors, 2 left on base; San Antonio 7 - Phoenix Hotspur 3
BOTTOM OF THE 4TH
Phoenix Hotspur Youth batting - Pitching for San Antonio BC : LHP Roosevelt Tuttle
Batting: LHB Corey Ferguson 0-0: Ball
1-0: Called Strike
1-1: Foul Ball, location: 2F
1-2: Ball
2-2: Foul Ball, location: 2F
2-2: DOUBLE (Groundball, 3L)
Batting: SHB Huey Wood 0-0: SINGLE (Groundball, 4MD)
Corey Ferguson to third
Batting: LHB Kenny Scott 0-0: Swinging Strike
0-1: Fly out, F9 (Flyball, 89D)
Runner from 3rd tags up, SCORES, no throw
Batting: RHB Enrico Sánchez 0-0: Ball
1-0: Ball
2-0: Fly out, F7 (Flyball, 7)
Batting: RHB Bernardo Rivera 0-0: Called Strike
0-1: Swinging Strike
0-2: Ball
1-2: Foul Ball, location: 2F
1-2: Foul Ball, location: 2F
1-2: Ground out 5-3 (Groundball, 5)
Bottom of the 4th over - 1 run, 2 hits, 0 errors, 1 left on base; San Antonio 7 - Phoenix Hotspur 4
TOP OF THE 5TH
San Antonio BC batting - Pitching for Phoenix Hotspur Youth : RHP Millard Dalton
Batting: SHB Anastasio Delgadilo 0-0: Swinging Strike
0-1: Ball
1-1: Called Strike
1-2: Ball
2-2: Strikes out looking
Batting: RHB Alba Hidalgo de Jesus 0-0: Ground out 1-3 (Groundball, 15S)
Batting: RHB Noël Sassetti 0-0: Called Strike
0-1: Ball
1-1: Ball
2-1: Swinging Strike
2-2: Strikes out swinging
Top of the 5th over - 0 runs, 0 hits, 0 errors, 0 left on base; San Antonio 7 - Phoenix Hotspur 4
BOTTOM OF THE 5TH
Phoenix Hotspur Youth batting - Pitching for San Antonio BC : LHP Roosevelt Tuttle
Batting: RHB Solomon Norment 0-0: Called Strike
0-1: Ball
1-1: Fly out, F7 (Flyball, 78M)
Batting: LHB António Escalante 0-0: Called Strike
0-1: Ball
1-1: Ball
2-1: Swinging Strike
2-2: Fly out, F7 (Flyball, 7LSF)
Batting: RHB Carl Tucker 0-0: Ball
1-0: Ball
2-0: Ball
3-0: Called Strike
3-1: Called Strike
3-2: Foul Ball, location: 2F
3-2: Foul Ball, location: 2F
3-2: Foul Ball, location: 2F
3-2: Ground out 4-3 (Groundball, 4)
Bottom of the 5th over - 0 runs, 0 hits, 0 errors, 0 left on base; San Antonio 7 - Phoenix Hotspur 4
TOP OF THE 6TH
San Antonio BC batting - Pitching for Phoenix Hotspur Youth : RHP Millard Dalton
Batting: LHB Juan Medina 0-0: Ball
1-0: Called Strike
1-1: Ball
2-1: Ball
3-1: Base on Balls
Batting: SHB Scotty Vallee 0-0: Bunted foul
0-1: Bunted foul
0-2: Ball
1-2: SINGLE (Flyball, 78S)
Juan Medina to second
Batting: LHB Lee Hart 0-0: Foul Ball, location: 2F
0-1: Ball
1-1: Swinging Strike
1-2: Ball
2-2: Ball
3-2: DOUBLE (Line Drive, 7LM)
Juan Medina scores
Scotty Vallee to third
Scotty Vallee scores
Batting: RHB Abraham Phelps 0-0: Ball
1-0: Ball
2-0: Ball
3-0: Base on Balls
Batting: RHB Phil Dougherty 0-0: Ball
Wild Pitch!
Lee Hart to third
Abraham Phelps to second
1-0: Swinging Strike
1-1: Ball
2-1: SINGLE (Flyball, 8LS)
Lee Hart scores
Abraham Phelps to third
Batting: RHB Ken Gardner 0-0: Ball
1-0: Foul Ball, location: 2F
1-1: Called Strike
1-2: Reached on error, E3 (Groundball, 34)
Abraham Phelps scores
Phil Dougherty to second
Batting: SHB Anastasio Delgadilo 0-0: Foul Ball, location: 2F
0-1: Fly out, F5 (Popup, 25F)
Batting: RHB Alba Hidalgo de Jesus 0-0: Called Strike
0-1: Hit by Pitch
Phil Dougherty to third
Ken Gardner to second
Batting: RHB Noël Sassetti 0-0: Called Strike
0-1: Ball
1-1: Ball
2-1: Foul Ball, location: 2F
2-2: Ball
3-2: Fly out, F9 (Flyball, 89M)
Runner from 3rd tags up, SCORES, throw made
Batting: LHB Juan Medina 0-0: Ball
1-0: Foul Ball, location: 2F
1-1: Called Strike
1-2: Ball
2-2: Foul Ball, location: 2F
2-2: Foul Ball, location: 2F
2-2: Foul Ball, location: 2F
2-2: Foul Ball, location: 2F
2-2: DOUBLE (Line Drive, 89D)
Ken Gardner scores
Alba Hidalgo de Jesus to third
Batting: SHB Scotty Vallee 0-0: Ball
1-0: Called Strike
1-1: Swinging Strike
1-2: Strikes out swinging
Top of the 6th over - 6 runs, 4 hits, 1 error, 2 left on base; San Antonio 13 - Phoenix Hotspur 4
BOTTOM OF THE 6TH
Phoenix Hotspur Youth batting - Pitching for San Antonio BC : LHP Roosevelt Tuttle
Batting: RHB Germán Alfaro 0-0: Called Strike
0-1: SINGLE (Flyball, 9S)
Batting: LHB Corey Ferguson 0-0: Ball
1-0: Called Strike
1-1: Called Strike
1-2: Ball
2-2: Fly out, F7 (Flyball, 7)
Batting: SHB Huey Wood 0-0: Called Strike
0-1: Called Strike
0-2: Strikes out looking
Batting: LHB Kenny Scott 0-0: Ball
1-0: Ground out 4-3 (Groundball, 4)
Bottom of the 6th over - 0 runs, 1 hit, 0 errors, 1 left on base; San Antonio 13 - Phoenix Hotspur 4
TOP OF THE 7TH
San Antonio BC batting - Pitching for Phoenix Hotspur Youth : RHP Millard Dalton
Batting: LHB Lee Hart 0-0: Ball
1-0: Foul Ball, location: 2F
1-1: Ball
2-1: Called Strike
2-2: Foul Ball, location: 2F
2-2: Foul Ball, location: 2F
2-2: Ball
3-2: Ground out 4-3 (Groundball, 4)
Batting: RHB Abraham Phelps 0-0: Ball
1-0: Foul Ball, location: 2F
1-1: Called Strike
1-2: Ball
2-2: Ball
3-2: Foul Ball, location: 2F
3-2: Strikes out swinging
Batting: RHB Phil Dougherty 0-0: Called Strike
0-1: SINGLE (Line Drive, 89M)
Batting: RHB Ken Gardner 0-0: Called Strike
0-1: Called Strike
0-2: Foul Ball, location: 2F
0-2: Ball
1-2: Foul Ball, location: 2F
1-2: Foul Ball, location: 2F
1-2: Ball
2-2: SINGLE (Groundball, 56D)
Phil Dougherty to second
Batting: SHB Anastasio Delgadilo 0-0: Swinging Strike
0-1: Swinging Strike
0-2: Ball
1-2: Ball
2-2: Foul Ball, location: 2F
2-2: Foul Ball, location: 2F
2-2: Ball
3-2: Foul Ball, location: 2F
3-2: Fly out, F4 (Flyball, 4MD)
Top of the 7th over - 0 runs, 2 hits, 0 errors, 2 left on base; San Antonio 13 - Phoenix Hotspur 4
BOTTOM OF THE 7TH
Phoenix Hotspur Youth batting - Pitching for San Antonio BC : LHP Roosevelt Tuttle
Batting: RHB Enrico Sánchez 0-0: Ball
1-0: Called Strike
1-1: Called Strike
1-2: SOLO HOME RUN (Flyball, 7D), Distance : 386 ft
Batting: RHB Bernardo Rivera 0-0: Ball
1-0: Called Strike
1-1: TRIPLE (Line Drive, 9LD)
Batting: RHB Solomon Norment 0-0: Ball
1-0: Ball
2-0: Called Strike
2-1: Fly out, F9 (Flyball, 89S)
Runner from 3rd tags up, SCORES, no throw
Pitching: LHP Miguel Jiménez
Batting: LHB António Escalante 0-0: Called Strike
0-1: Swinging Strike
0-2: Ball
1-2: Strikes out looking
Batting: RHB Carl Tucker 0-0: Ball
1-0: Fly out, F7 (Flyball, 7LS)
Bottom of the 7th over - 2 runs, 2 hits, 0 errors, 0 left on base; San Antonio 13 - Phoenix Hotspur 6
TOP OF THE 8TH
San Antonio BC batting - Pitching for Phoenix Hotspur Youth : RHP Millard Dalton
Pinch Hitting: SHB Esteban Borsellino 0-0: Called Strike
0-1: Ball
1-1: Fly out, F8 (Line Drive, 8LD)
Batting: RHB Noël Sassetti 0-0: Ball
1-0: Called Strike
1-1: Ball
2-1: Ball
3-1: Base on Balls
Pinch Hitting: RHB António Pérez 0-0: Ball
1-0: Called Strike
1-1: Fly out, F6 (Line Drive, 6M)
Batting: SHB Scotty Vallee 0-0: Foul Ball, location: 2F
0-1: Ball
1-1: Ball
2-1: Fly out, F7 (Flyball, 78D)
Top of the 8th over - 0 runs, 0 hits, 0 errors, 1 left on base; San Antonio 13 - Phoenix Hotspur 6
BOTTOM OF THE 8TH
Phoenix Hotspur Youth batting - Pitching for San Antonio BC : LHP Miguel Jiménez
Now at 3B: Franklin Gestel
Now in LF: Esteban Borsellino
Now in CF: Earl Wiley
Now in RF: Manny Álvarez
Batting: RHB Germán Alfaro 0-0: Called Strike
0-1: Called Strike
0-2: Foul Ball, location: 2F
0-2: Hit by Pitch
Batting: LHB Corey Ferguson 0-0: Swinging Strike
0-1: Called Strike
0-2: Foul Ball, location: 2F
0-2: Ball
1-2: Strikes out swinging
Batting: SHB Huey Wood 0-0: Called Strike
0-1: Ball
1-1: SINGLE (Groundball, 56S) (infield hit)
Germán Alfaro to second
Batting: LHB Kenny Scott 0-0: Called Strike
0-1: Ball
1-1: Ball
2-1: Swinging Strike
2-2: Ball
3-2: Strikes out swinging
Batting: RHB Enrico Sánchez 0-0: Called Strike
0-1: Ground out 1-3 (Groundball, P)
Bottom of the 8th over - 0 runs, 1 hit, 0 errors, 2 left on base; San Antonio 13 - Phoenix Hotspur 6
TOP OF THE 9TH
San Antonio BC batting - Pitching for Phoenix Hotspur Youth : RHP Millard Dalton
Pitching: RHP Kenny Kawaguchi
Batting: RHB Manny Álvarez 0-0: Fly out, F7 (Flyball, 7LS)
Batting: RHB Abraham Phelps 0-0: Called Strike
0-1: Called Strike
0-2: Strikes out swinging
Batting: RHB Phil Dougherty 0-0: Called Strike
0-1: Ball
1-1: Foul Ball, location: 2F
1-2: Strikes out swinging
Top of the 9th over - 0 runs, 0 hits, 0 errors, 0 left on base; San Antonio 13 - Phoenix Hotspur 6
BOTTOM OF THE 9TH
Phoenix Hotspur Youth batting - Pitching for San Antonio BC : LHP Miguel Jiménez
Batting: RHB Bernardo Rivera 0-0: Called Strike
0-1: Foul Ball, location: 2F
0-2: Ground out 6-3 (Groundball, 56)
Batting: RHB Solomon Norment 0-0: Ball
1-0: Foul Ball, location: 2F
1-1: Ball
2-1: Foul Ball, location: 2F
2-2: Foul Ball, location: 2F
2-2: Strikes out swinging
Batting: LHB António Escalante 0-0: Foul Ball, location: 2F
0-1: Ball
1-1: Ball
2-1: Swinging Strike
2-2: Strikes out swinging
Bottom of the 9th over - 0 runs, 0 hits, 0 errors, 0 left on base; San Antonio 13 - Phoenix Hotspur 6
Tuesday, December 19th, 2017 - OOTP Baseball 18.8 Build 76